Map: Whispers of Gold

Players

wootwoot - Winner!

  • Race: Protoss Protoss
  • League: Diamond
  • Spawn Location: 9:00

JungleHobbit

  • Race: Terran Terran
  • League: Diamond
  • Spawn Location: 5:00

VOD

Have the link to the VOD?

Description

Time

  • Played on: April 2, 2025, 7:18 p.m.
  • Length: 2:57
Show
View Real Time Build Order
Export as new Build Order

wootwoot Protoss - Winner!

Build Orders:  

Get SALT Encoding   

  12  0:00  Probe  
  13  0:12  Probe  
  14  0:19  Pylon  
  14  0:24  Probe  
  15  0:37  Gateway  
  15  0:41  Assimilator  
  15  0:50  Pylon  
  15  1:09  Gateway  
  15  1:15  Gateway  
  15  1:29  Cybernetics Core  
  15  1:35  Probe  
  16  1:47  Probe  
  17  1:54  Stalker x2  
  21  2:20  Stalker  
  21  2:24  Zealot  
  25  2:30  Probe  
  26  2:42  Probe  
  26  2:48  Shield Battery  
Show
View Real Time Build Order
Export as new Build Order

JungleHobbit Terran 

Build Orders: Reaper Expand 

Get SALT Encoding   

  12  0:00  SCV  
  13  0:12  SCV  
  14  0:18  Supply Depot  
  14  0:24  SCV  
  15  0:39  SCV  
  15  0:41  Barracks  
  16  0:45  Refinery  
  16  0:51  SCV  
  17  1:05  SCV  
  18  1:17  SCV  
  19  1:29  Orbital Command  
  19  1:30  Reaper  
  20  1:48  Command Center  
  20  1:57  Supply Depot  
  20  2:02  Marine  
  21  2:14  Bunker  
  21  2:19  Factory  
  21  2:25  Barracks Reactor  
  21  2:28  SCV  
Tags
 
Add a new tag
Caveats
  • Supply blocks, unpowered buildings, or Contaminate may cause inaccurate times.
  • Supply counts are checked every 10 seconds.